Map: Muro dorado EE

Players

MrFercho

  • Race: Zerg Zerg
  • Spawn Location: 5:00

LAURENZ - Winner!

  • Race: Protoss Protoss
  • Spawn Location: 7:00

VOD

Have the link to the VOD?

Description

Time

  • Played on: April 4, 2020, 9:34 p.m.
  • Length: 8:54
Show
View Real Time Build Order
Export as new Build Order

MrFercho Zerg 

Build Orders: Hatch First 

Get SALT Encoding   

  12  0:03  Drone  
  13  0:17  Overlord  
  13  0:20  Drone  
  14  0:41  Drone  
  14  0:42  Drone  
  16  0:45  Drone  
  17  1:51  Hatchery  
  16  1:58  Spawning Pool  
  15  2:03  Extractor  
  15  2:04  Drone x3  
  17  2:42  Extractor  
  16  2:54  Hatchery  
  15  2:59  Hatchery  
  14  3:08  Drone x4  
  18  3:38  Zergling x2  
  18  3:39  Zergling x8  
  23  4:14  Drone x2  
  23  4:15  Drone x4  
  23  4:16  Drone  
  30  4:17  Drone  
  31  4:37  Metabolic Boost  
  26  5:12  Zergling x4  
  26  5:13  Zergling x12  
  35  5:14  Zergling x2  
  31  5:33  Roach Warren  
  28  5:40  Lair  
  24  5:59  Drone x3  
  27  6:06  Drone x4  
  27  6:07  Drone x5  
  36  6:21  Overlord x2  
  36  6:31  Extractor  
  35  6:33  Extractor  
  34  6:41  Baneling Nest  
  33  6:50  Drone x2  
  33  6:51  Drone x6  
  33  6:52  Drone  
  46  6:54  Roach x2  
  46  6:55  Spine Crawler  
  45  7:22  Drone  
  41  7:24  Zergling x16  
  43  7:41  Roach x2  
  43  7:42  Roach x5  
  47  8:00  Roach  
  47  8:01  Roach  
  47  8:03  Overlord x4  
  29  8:28  Zergling x2  
  29  8:29  Zergling x10  
Show
View Real Time Build Order
Export as new Build Order

LAURENZ Protoss - Winner!

Build Orders: 1 Gate Expand, Zealot Archon 

Get SALT Encoding   

  12  0:02  Probe  
  13  0:14  Probe  
  14  0:21  Pylon  
  14  0:26  Probe  
  15  0:39  Probe  
  16  0:44  Gateway  
  16  0:52  Probe  
  17  0:57  Gateway  
  17  1:18  Pylon  
  17  1:32  Nexus  
  17  1:45  Cybernetics Core  
  17  1:51  Pylon  
  17  1:55  Probe (Chrono Boost)  
  17  2:01  Assimilator  
  18  2:07  Probe (Chrono Boost)  
  19  2:15  Probe (Chrono Boost)  
  20  2:22  Assimilator, Probe  
  21  2:34  Adept, Probe  
  24  2:39  Zealot  
  26  2:46  Warp Gate (Chrono Boost), Probe  
  27  2:58  Probe  
  28  3:09  Adept  
  30  3:17  Probe x2  
  32  3:29  Probe x2  
  32  3:32  Robotics Facility  
  34  3:40  Pylon  
  35  3:41  Probe x2  
  36  3:49  Sentry  
  36  3:53  Probe x2  
  42  3:56  Adept  
  42  4:05  Probe x2  
  44  4:11  Forge  
  44  4:17  Probe x2  
  44  4:18  Pylon  
  44  4:20  Gateway  
  46  4:26  Twilight Council  
  46  4:29  Probe  
  46  4:30  Probe  
  48  4:34  Immortal (Chrono Boost)  
  52  4:41  Probe  
  53  4:46  Adept x2  
  57  5:19  Immortal  
  61  5:33  Pylon  
  61  5:36  Pylon x2  
  61  5:38  Pylon  
  53  5:56  Adept  
  53  5:57  Adept x2  
  55  5:59  Immortal  
  61  6:04  Gateway  
  61  6:07  Pylon  
  61  6:09  Pylon  
  61  6:11  Pylon  
  61  6:19  Resonating Glaives (Chrono Boost)  
  61  6:20  Templar Archives  
  61  6:34  Assimilator  
  61  6:38  Probe x2  
  61  6:39  Assimilator  
  63  6:46  Adept x2  
  63  6:47  Adept  
  69  6:50  Probe x2  
  71  7:12  Nexus  
  71  7:33  High Templar x2  
  71  7:36  Zealot x2  
  77  7:48  Archon  
  77  7:53  Immortal  
  77  8:37  High Templar x2  
  77  8:38  Zealot x2  
Tags
 
Add a new tag
Caveats
  • Supply blocks, unpowered buildings, or Contaminate may cause inaccurate times.
  • Supply counts are checked every 10 seconds.